 Dungeon Crawl Stone Soup version 0.28.0-53-g5a82cb258f (webtiles) character file.

Game seed: 9491878886426773395

3214 issech the Basher (level 9, -10/72 HPs)
             Began as a Minotaur Monk on June 13, 2022.
             Was a Believer of Hepliaklqana.
             Mangled by a death knight
             ... wielding a +0 halberd
              (23 damage)
             ... on level 7 of the Dungeon.
             The game lasted 00:23:08 (7003 turns).

issech the Basher (Minotaur Monk)                   Turns: 7003, Time: 00:23:09

Health: -10/72     AC: 13    Str: 15    XL:     9   Next: 65%
Magic:  8/8        EV:  8    Int:  7    God:    Hepliaklqana [**....]
Gold:   298        SH: 14    Dex: 18    Spells: 8/8 levels left

rFire   + . .      SeeInvis .   w - +2 flail (vorpal)
rCold   . . .      Faith    .   O - +0 tower shield
rNeg    . . .      Spirit   .   u - +0 scale mail {Will+}
rPois   .          Reflect  .   (helmet restricted)
rElec   .          Harm     .   B - +0 cloak
rCorr   .          Rampage  .   T - +0 pair of gloves
Will    +....                   Q - +2 pair of boots
Stlth   +.........              (no amulet)
HPRegen 0.22/turn               o - ring of protection from fire
MPRegen 0.11/turn               K - ring of flight

@: flying
A: reduced essence, horns 2, retaliatory headbutt
a: Renounce Religion, Recall Ancestor, Ancestor Identity


You were on level 7 of the Dungeon.
You worshipped Hepliaklqana.
Hepliaklqana was pleased with you.
You visited 2 branches of the dungeon, and saw 9 of its levels.

You collected 298 gold pieces.

Inventory:

Hand Weapons
 p - a +0 hunting sling
 w - a +2 vorpal flail (weapon)
 F - a +4 whip
 H - a +4 trident of freezing
 S - a +0 shortbow
 U - a +0 arbalest
Missiles
 c - 220 stones (quivered)
 i - 74 arrows
 k - 16 poisoned darts
 n - 18 bolts
 v - 2 boomerangs
 D - 104 sling bullets
Armour
 q - the +1 robe "Giritz" {Will+ Str+3}
   (You found it on level 2 of the Dungeon)

   Str:       It affects your strength (+3).
   Will:      It increases your willpower.
 u - a +0 scale mail of willpower (worn)
 B - a +0 cloak (worn)
 I - a +0 chain mail
 O - a +0 tower shield (worn)
 Q - a +2 pair of boots (worn)
 T - a +0 pair of gloves (worn)
Jewellery
 o - a ring of protection from fire (left hand)
 K - a ring of flight (right hand)
Wands
 t - a wand of polymorph (11)
 P - a wand of iceblast (19)
Scrolls
 b - a scroll of amnesia {unknown}
 h - 3 scrolls of blinking {unknown}
 l - 3 scrolls of immolation {unknown}
 s - a scroll of brand weapon {unknown}
 x - a scroll of acquirement {unknown}
 y - 2 scrolls of identify {unknown}
 A - a scroll of enchant armour {unknown}
 E - a scroll of noise {unknown}
 L - 2 scrolls of silence {unknown}
 M - 2 scrolls of fog {unknown}
 R - 2 scrolls of teleportation {unknown}
Potions
 a - a potion of mutation {unknown}
 e - a potion of lignification {unknown}
 g - a potion of invisibility
 m - 3 potions of heal wounds {unknown}
 r - a potion of brilliance {unknown}
 z - 2 potions of haste {unknown}
 C - a potion of degeneration {unknown}
 G - 2 potions of might {unknown}
 N - a potion of attraction {unknown}


   Skills:
 + Level 8.0 Fighting
 + Level 5.3(8.0) Axes
 + Level 9.4(10.0) Maces & Flails
 + Level 1.4 Throwing
 + Level 7.2 Armour
 + Level 5.6 Dodging
 + Level 2.4 Stealth
 + Level 4.2 Shields


You had 8 spell levels left.
You didn't know any spells.
Your spell library contained the following spells:

 Spells                   Type           Power      Damage    Failure   Level
 Corpse Rot               Necr/Air       0%         N/A       100%        2
 Sublimation of Blood     Necr           0%         N/A       100%        2
 Dispel Undead            Necr           0%         3d6       100%        4
 Petrify                  Tmut/Erth      0%         N/A       100%        4
 Freezing Cloud           Conj/Ice/Air   0%         6-21      100%        5
 Irradiate                Conj/Tmut      0%         3d13      100%        5
 Death Channel            Necr           0%         N/A       100%        6
 Simulacrum               Ice/Necr       0%         N/A       100%        6
 Polar Vortex             Ice            0%         N/A       100%        9


Dungeon Overview and Level Annotations

Branches:
Dungeon (8/15)             Temple (1/1) D:6
   Lair: D:8-11

Altars:
Cheibriados
Dithmenos
Elyvilon
Fedhas
Gozag
Hepliaklqana
Kikubaaqudgha
Makhleb
Nemelex Xobeh
Okawaru
Qazlal
Ru
Sif Muna
Uskayaw
Vehumet
Wu Jian
Xom
Yredelemnul
Zin
The Shining One

Annotations:
D:7 Pikel


Innate Abilities, Weirdness & Mutations

Your life essence is reduced to manifest your ancestor. (-10% HP)
You have a pair of horns on your head.
You reflexively headbutt those who attack you in melee.


Message History

The death knight hits Nozipho with a +0 halberd!
You catch the helpless death knight completely off-guard!
You thump the death knight!
The death knight is severely wounded.
You block the howler monkey zombie's attack.
Nozipho points at the death knight and mumbles some strange words.
The puff of frost hits the death knight but does no damage.
The death knight offers itself to Yredelemnul, and fills with unholy energy.
You hit the death knight.
You headbutt the death knight, but do no damage.
The death knight is almost dead.
The death knight reflects your damage back at you!
You block the howler monkey zombie's attack.
Nozipho closely misses the death knight.
The death knight closely misses you.
The howler monkey zombie hits you but does no damage.
You hit the death knight but do no damage.
You headbutt the death knight.
The death knight is almost dead.
The death knight reflects your damage back at you!
Nozipho points at the death knight and mumbles some strange words.
The stone arrow hits the death knight!
Nozipho suffers a backlash!
The death knight hits Nozipho with a +0 halberd!!
Nozipho is destroyed!
The howler monkey zombie hits you but does no damage.
The death knight shouts!
You hit the death knight but do no damage.
You headbutt the death knight, but do no damage.
The death knight is almost dead.
The death knight hits you with a +0 halberd.
You block the howler monkey zombie's attack.
The death knight hits you with a +0 halberd!!
* * * LOW HITPOINT WARNING * * *
You hit the death knight but do no damage.
The death knight is almost dead.
The howler monkey zombie hits you.
* * * LOW HITPOINT WARNING * * *
The death knight hits you with a +0 halberd!!
You die...

#..##...#... #..#..##.##. .# #
#....##...## #.# .#. #.....#...#.
#.##.##. #.#...##...##
##...#..##.#####.###...#...#.
#....... #.....##.#..##...## #..
.#.#..###p###..##..##.##. ##.#
#..##..Z@.......##...#... #..#
#..####.#####.#..##.....#
#..###..# #.# #.....###'###
#55...#.# #.# #............
####.K####.# #.# #.##.#..###.#
........##.####.#####.##.#..###.#
####.<#...........>...##.........
......######......>#######.######
####### ##.##)#########.#


You could see a death knight (reflects damage) and a howler monkey zombie.

Vanquished Creatures
  A two-headed ogre (D:7)
  Prince Ribbit (D:5)
  A water moccasin (D:7)
  An ice beast (D:7)
  4 ogres
  A centaur (D:7)
  5 necrophages
  2 lemures
  A kobold brigand (D:7)
  A bullfrog (D:7)
  3 water moccasin zombies
  A scorpion (D:4)
  3 hounds
  A centaur zombie (D:6)
  A jelly (D:5)
  2 orc priests
  Ijyb (D:2)
  Jessica (D:3)
  2 centaur skeletons (D:7)
  A scorpion zombie (D:5)
  3 iguanas
  4 orc wizards
  2 hound zombies
  3 hound skeletons
  6 gnolls
  2 howler monkey skeletons (D:5)
  6 adders
  A shadow imp (D:7)
  An adder skeleton (D:4)
  3 dart slugs
  A worm (D:5)
  14 orcs
  8 ball pythons
  4 bats
  6 endoplasms
  A giant cockroach (D:2)
  9 goblins
  6 hobgoblins
  11 jackals
  11 kobolds
  A quokka (D:3)
  2 frilled lizards
  6 rats
145 creatures vanquished.

Vanquished Creatures (collateral kills)
  A shadow (D:7)
  A phantom (D:7)
  A killer bee zombie (D:7)
  An orc (D:7)
4 creatures vanquished.

Vanquished Creatures (others)
  2 battlemagi (D:7)
  A bush (D:4)
  13 plants (D:4)
16 creatures vanquished.

Grand Total: 165 creatures vanquished

Notes
Turn   | Place    | Note
-------+----------+-------------------------------------------
     0 | D:1      | issech the Minotaur Monk began the quest for the Orb.
     0 | D:1      | Reached XP level 1. HP: 19/19 MP: 0/0
   139 | D:1      | Reached XP level 2. HP: 27/27 MP: 1/1
   706 | D:1      | Reached XP level 3. HP: 33/33 MP: 2/2
   927 | D:2      | Found a faded altar of an unknown god.
  1426 | D:2      | Reached skill level 1 in Armour
  1469 | D:2      | Identified the +1 robe "Giritz" {Will+ Str+3}
  1776 | D:3      | Noticed Ijyb
  1867 | D:2      | Killed Ijyb
  1868 | D:2      | Reached XP level 4. HP: 35/40 MP: 3/3
  1971 | D:3      | Reached skill level 5 in Axes
  2180 | D:3      | Noticed Jessica
  2185 | D:3      | Killed Jessica
  2437 | D:4      | Found an iron altar of Okawaru.
  2442 | D:4      | Reached skill level 1 in Throwing
  2442 | D:4      | Reached XP level 5. HP: 43/46 MP: 4/4
  2506 | D:4      | Found a burning altar of Makhleb.
  2610 | D:4      | Reached skill level 1 in Maces & Flails
  2773 | D:4      | Reached XP level 6. HP: 55/55 MP: 5/5
  2783 | D:4      | Reached skill level 5 in Fighting
  2910 | D:4      | Found a blossoming altar of Fedhas.
  2941 | D:4      | Reached skill level 2 in Maces & Flails
  3118 | D:4      | Reached skill level 3 in Maces & Flails
  3128 | D:4      | Reached XP level 7. HP: 58/62 MP: 6/6
  3294 | D:4      | Reached skill level 4 in Maces & Flails
  3475 | D:4      | Reached skill level 5 in Maces & Flails
  3617 | D:5      | Entered Level 5 of the Dungeon
  3632 | D:5      | Noticed Prince Ribbit
  3873 | D:5      | Reached skill level 6 in Maces & Flails
  3873 | D:5      | Reached XP level 8. HP: 51/70 MP: 7/7
  3890 | D:5      | Found a shimmering altar of Xom.
  3918 | D:5      | Reached skill level 5 in Armour
  4049 | D:5      | Killed Prince Ribbit
  4050 | D:5      | Reached skill level 7 in Maces & Flails
  4299 | D:5      | Found a stormy altar of Qazlal.
  4669 | D:6      | You are sucked into a shaft and drop 2 floors!
  4822 | D:7      | Reached skill level 1 in Shields
  4887 | D:7      | Found a snail-covered altar of Cheibriados.
  4890 | D:7      | Reached skill level 8 in Maces & Flails
  4898 | D:7      | Found a shimmering altar of Xom.
  4903 | D:7      | Reached skill level 5 in Dodging
  5266 | D:7      | Reached XP level 9. HP: 79/79 MP: 8/8
  5400 | D:7      | Noticed Pikel
  5954 | D:6      | Found a staircase to the Ecumenical Temple.
  5961 | Temple   | Entered the Ecumenical Temple
  6406 | Temple   | Became a worshipper of Hepliaklqana the Forgotten
  6406 | Temple   | Reached * piety under Hepliaklqana
  6406 | Temple   | Reached ** piety under Hepliaklqana
  6407 | Temple   | Remembered your ancestor Nozipho as a battlemage
  6580 | D:7      | Reached skill level 9 in Maces & Flails
  6700 | D:7      | Noticed a two-headed ogre
  6710 | D:7      | Killed a two-headed ogre
  6989 | D:7      | Noticed a death knight
  7003 | D:7      | Mangled by a death knight

Illustrated notes

Levels and vault maps discovered:
D:1:      dpeg_arrival_round_a, layout_loops_ring
D:2:      layout_rooms, dilly_ecumenical_altar_fadedgnrine
D:3:      minmay_chambers_of_threes, layout_rooms, uniq_jessica, uniq_ijyb
D:4:      layout_rooms, fedhas_altar_decomposition, lemuel_tele_altar,
          general_overflow_altar
D:5:      layout_rooms, mainiacjoe_overflow_alcove_1, minmay_ruined_shrine,
          uniq_prince_ribbit1
D:6:      layout_rooms, temple_statues
D:7:      minmay_the_grid_octo_triangle [minmay_the_grid_octo_chip,
          minmay_the_grid_octo_prize_single_spiral, minmay_the_grid_octo_77],
          layout_loops_ring, mainiacjoe_overflow_catwalk_spiral, uniq_pikel
D:8:      layout_basic, uniq_erica, uniq_harold, uniq_psyche
Temple:   eino_temple_water

Skill      XL: |  1  2  3  4  5  6  7  8  9 |
---------------+----------------------------+-----
Fighting       | 4 5 6 7 8 |  8.0
Axes           | 4 5 |  5.3
Armour         | 1 2 3 4 6 7 |  7.2
Dodging        | 4 5 |  5.6
Throwing       | 1 |  1.4
Maces & Flails | 1 3 6 8 9 |  9.4
Stealth        | 2 |  2.4
Shields        | 1 4 |  4.2

Action                   |  1- 3 |  4- 6 |  7- 9 || total
-------------------------+-------+-------+-------++-------
Melee: Hand axe          |    87 |    11 |       ||    98
       Headbutt          |    13 |    12 |    55 ||    80
       Unarmed           |     6 |       |       ||     6
       Flail             |       |    65 |   235 ||   300
       Punch             |       |     2 |     2 ||     4
Throw: Stone             |     4 |       |       ||     4
Invok: Ancestor Life: Ba |       |       |     1 ||     1
 Stab: Sleeping          |     1 |       |       ||     1
       Distracted        |       |       |     1 ||     1
Armor: Leather armour    |    24 |       |       ||    24
       Robe              |     4 |       |       ||     4
       Skin              |    13 |       |       ||    13
       Scale mail        |       |    43 |   100 ||   143
Dodge: Dodged            |    57 |    46 |    85 ||   188
Block: Tower shield      |       |       |    99 ||    99
